[ AOE2 MATCH · #504858437 ]
UnrankedBengalis vs Koreans
Player's team · WIN
Rival team · LOSS
[ REPLAY ANALYSIS · EXTRACTED FROM THE RECORDED GAME ]
Feudal
10:05
Castle
14:16
Imperial
—
| APM avg | 88.8 |
| APM peak | 153 |
| eAPM avg | 58.2 |
| Villagers / military | 53 / 28 |
Focus
⚔️ 53.2% · 🌾 46.8%
Monk ×26 · Spearman ×2
Feudal
11:28
Castle
19:55
Imperial
—
| APM avg | 120.0 |
| APM peak | 279 |
| eAPM avg | 62.9 |
| Villagers / military | 59 / 32 |
Focus
⚔️ 73.7% · 🌾 26.3%
Scout Cavalry ×19 · Archer ×9 · Militia ×4
Match map
Initial resources + every placement click. Lines = walls · curves = elevation contours. ◆ gold · ⬟ stone · ● berries · ✦ relic · ◌ wall gap
Your base· Open — unwalled flank
[VL] Lil Franco's base· Open — unwalled flank
Smoothed initial terrain · ◌ = detected wall gap · hover for details
Inputs per minute
— Barış Manço - - [VL] Lil Franco
Build order — Barış Manço
138 actions detected in the replay
| 0:00 | Queue | Villager (Male) |
| 0:01 | Queue | Villager (Male) |
| 0:01 | Queue | Villager (Male) |
| 0:02 | Build | House |
| 0:03 | Build | House |
| 0:05 | Queue | Villager (Male) |
| 0:06 | Queue | Villager (Male) |
| 1:16 | Queue | Villager (Male) |
| 1:17 | Queue | Villager (Male) |
| 1:43 | Queue | Villager (Male) |
| 1:46 | Build | Lumber Camp |
| 2:13 | Queue | Villager (Male) |
| 2:35 | Queue | Villager (Male) |
| 3:04 | Queue | Villager (Male) |
| 3:24 | Build | House |
| 3:24 | Build | House |
| 3:34 | Queue | Villager (Male) |
| 3:55 | Queue | Villager (Male) |
| 3:55 | Queue | Villager (Male) |
| 4:29 | Queue | Villager (Male) |
| 4:29 | Queue | Villager (Male) |
| 4:52 | Queue | Villager (Male) |
| 4:53 | Queue | Villager (Male) |
| 4:56 | Queue | Villager (Male) |
| 4:56 | Queue | Villager (Male) |
| 5:05 | Build | Mill |
| 5:10 | Queue | Villager (Male) |
| 5:23 | Queue | Villager (Male) |
| 5:50 | Queue | Villager (Male) |
| 5:52 | Queue | Villager (Male) |
| 5:53 | Queue | Villager (Male) |
| 6:19 | Build | Mill |
| 7:13 | Research | Loom |
| 7:13 | Research | Loom |
| 7:28 | Build | Mining Camp |
| 7:53 | Research | Feudal Age |
| 7:53 | Research | Feudal Age |
| 8:22 | Build | House |
| 8:36 | Queue | Villager (Male) |
| 8:36 | Queue | Villager (Male) |
| 10:05 | Age | Feudal Age |
| 10:17 | Build | Market |
| 10:28 | Build | Blacksmith |
| 11:09 | Queue | Villager (Male) |
| 11:36 | Research | Castle Age |
| 11:36 | Research | Castle Age |
| 11:50 | Build | House |
| 11:51 | Build | House |
| 11:59 | Build | House |
| 12:11 | Build | House |
| 12:17 | Build | Palisade Wall |
| 12:22 | Build | Mining Camp |
| 12:35 | Build | House |
| 14:03 | Queue | Villager (Male) |
| 14:16 | Age | Castle Age |
| 14:33 | Build | Monastery |
| 14:34 | Build | Monastery |
| 14:56 | Research | Double-Bit Axe |
| 14:57 | Research | Double-Bit Axe |
| 15:20 | Build | Watch Tower |
| 15:26 | Build | Farm |
| 15:27 | Build | Farm |
| 16:19 | Queue | Monk |
| 16:37 | Build | House |
| 16:38 | Queue | Villager (Male) |
| 16:39 | Queue | Monk |
| 16:46 | Build | Monastery |
| 16:59 | Queue | Monk |
| 17:03 | Queue | Villager (Male) |
| 17:05 | Build | Farm |
| 17:08 | Queue | Monk |
| 17:21 | Queue | Monk |
| 17:31 | Queue | Monk |
| 17:36 | Build | Farm |
| 17:54 | Build | Town Center |
| 17:54 | Queue | Villager (Male) |
| 17:54 | Queue | Villager (Male) |
| 18:07 | Queue | Monk |
| 18:07 | Queue | Monk |
| 18:07 | Queue | Monk |
| 18:30 | Queue | Monk |
| 18:35 | Queue | Villager (Male) |
| 18:35 | Queue | Villager (Male) |
| 18:47 | Queue | Monk |
| 19:24 | Research | Redemption |
| 19:25 | Research | Redemption |
| 19:30 | Queue | Villager (Male) |
| 19:30 | Queue | Villager (Male) |
| 19:31 | Queue | Villager (Male) |
| 19:47 | Queue | Monk |
| 20:04 | Queue | Monk |
| 20:10 | Build | Lumber Camp |
| 20:12 | Build | Farm |
| 20:25 | Queue | Monk |
| 20:28 | Queue | Villager (Male) |
| 20:29 | Build | Farm |
| 20:30 | Queue | Monk |
| 20:42 | Queue | Villager (Male) |
| 20:42 | Queue | Villager (Male) |
| 20:59 | Research | Sanctity |
| 20:59 | Research | Sanctity |
| 21:00 | Queue | Monk |
| 21:00 | Queue | Monk |
| 21:13 | Queue | Villager (Male) |
| 21:13 | Queue | Villager (Male) |
| 21:30 | Queue | Villager (Male) |
| 21:30 | Queue | Villager (Male) |
| 21:32 | Build | Barracks |
| 21:39 | Research | Scale Mail Armor |
| 21:44 | Build | House |
| 21:51 | Queue | Monk |
| 21:51 | Queue | Monk |
| 21:59 | Queue | Villager (Male) |
| 21:59 | Queue | Villager (Male) |
| 22:01 | Build | Farm |
| 22:02 | Build | Farm |
| 22:22 | Queue | Monk |
| 22:24 | Queue | Monk |
| 22:28 | Queue | Spearman |
| 22:33 | Queue | Monk |
| 22:50 | Build | House |
| 22:50 | Queue | Villager (Male) |
| 22:50 | Queue | Villager (Male) |
| 22:54 | Queue | Monk |
| 23:02 | Queue | Villager (Male) |
| 23:02 | Queue | Villager (Male) |
| 23:05 | Build | Farm |
| 23:06 | Build | Farm |
| 23:18 | Queue | Monk |
| 23:22 | Queue | Monk |
| 23:24 | Queue | Spearman |
| 23:33 | Queue | Villager (Male) |
| 23:33 | Queue | Villager (Male) |
| 23:35 | Build | Farm |
| 23:36 | Build | Farm |
| 23:38 | Build | House |
| 23:42 | Build | House |
| 23:48 | Queue | Monk |
Build order — [VL] Lil Franco
First 150 of 164 actions detected
| 0:00 | Queue | Villager (Male) |
| 0:01 | Queue | Villager (Male) |
| 0:02 | Build | House |
| 0:03 | Build | House |
| 0:09 | Queue | Villager (Male) |
| 0:10 | Queue | Villager (Male) |
| 1:25 | Queue | Villager (Male) |
| 1:25 | Queue | Villager (Male) |
| 1:53 | Build | Lumber Camp |
| 1:59 | Queue | Villager (Male) |
| 2:00 | Queue | Villager (Male) |
| 2:21 | Queue | Villager (Male) |
| 2:43 | Queue | Villager (Male) |
| 2:44 | Queue | Villager (Male) |
| 3:10 | Queue | Villager (Male) |
| 3:25 | Queue | Villager (Male) |
| 3:44 | Queue | Villager (Male) |
| 3:45 | Queue | Villager (Male) |
| 3:49 | Build | House |
| 4:24 | Queue | Villager (Male) |
| 4:24 | Queue | Villager (Male) |
| 4:41 | Build | Barracks |
| 5:03 | Queue | Villager (Male) |
| 5:09 | Build | House |
| 5:18 | Queue | Villager (Male) |
| 5:30 | Queue | Villager (Male) |
| 5:39 | Queue | Militia |
| 5:54 | Queue | Villager (Male) |
| 6:03 | Queue | Militia |
| 6:03 | Queue | Militia |
| 6:06 | Queue | Villager (Male) |
| 6:06 | Queue | Villager (Male) |
| 6:13 | Build | Mill |
| 6:32 | Queue | Villager (Male) |
| 6:46 | Queue | Villager (Male) |
| 6:52 | Build | House |
| 6:54 | Build | Palisade Wall |
| 7:10 | Queue | Villager (Male) |
| 7:13 | Build | Mill |
| 7:19 | Build | Palisade Wall |
| 7:28 | Build | Palisade Wall |
| 7:29 | Build | Palisade Wall |
| 7:45 | Queue | Villager (Male) |
| 7:51 | Queue | Villager (Male) |
| 7:52 | Research | Loom |
| 8:38 | Build | Palisade Wall |
| 9:03 | Build | Palisade Gate |
| 9:18 | Research | Feudal Age |
| 9:19 | Research | Feudal Age |
| 9:19 | Research | Feudal Age |
| 9:19 | Research | Feudal Age |
| 9:22 | Build | Palisade Wall |
| 9:38 | Build | Mining Camp |
| 9:45 | Build | House |
| 9:47 | Build | Palisade Wall |
| 10:24 | Queue | Villager (Male) |
| 10:32 | Build | Palisade Wall |
| 10:32 | Build | Palisade Wall |
| 10:49 | Build | Lumber Camp |
| 10:54 | Build | Palisade Wall |
| 10:55 | Build | Palisade Wall |
| 11:28 | Age | Feudal Age |
| 11:29 | Queue | Militia |
| 11:32 | Research | Double-Bit Axe |
| 11:32 | Research | Double-Bit Axe |
| 11:36 | Research | Horse Collar |
| 11:37 | Research | Horse Collar |
| 11:40 | Queue | Villager (Male) |
| 11:59 | Research | Man-at-Arms (upgrade) |
| 11:59 | Research | Man-at-Arms (upgrade) |
| 12:02 | Build | Archery Range |
| 12:08 | Build | Farm |
| 12:17 | Build | Farm |
| 12:37 | Queue | Villager (Male) |
| 12:37 | Queue | Villager (Male) |
| 12:38 | Queue | Villager (Male) |
| 12:53 | Build | Farm |
| 13:11 | Queue | Archer |
| 13:11 | Queue | Archer |
| 13:11 | Queue | Villager (Male) |
| 13:13 | Queue | Villager (Male) |
| 13:14 | Build | Farm |
| 13:16 | Build | House |
| 13:24 | Queue | Archer |
| 13:24 | Queue | Archer |
| 13:32 | Build | Farm |
| 13:52 | Queue | Villager (Male) |
| 13:54 | Build | Market |
| 14:02 | Queue | Villager (Male) |
| 14:05 | Queue | Archer |
| 14:09 | Build | Farm |
| 14:40 | Build | Farm |
| 14:42 | Build | Farm |
| 14:45 | Queue | Villager (Male) |
| 14:50 | Build | Mining Camp |
| 14:58 | Queue | Villager (Male) |
| 15:06 | Queue | Archer |
| 15:15 | Queue | Archer |
| 15:15 | Queue | Archer |
| 15:18 | Queue | Villager (Male) |
| 15:19 | Build | House |
| 15:35 | Queue | Villager (Male) |
| 15:41 | Queue | Villager (Male) |
| 15:45 | Queue | Archer |
| 15:48 | Build | House |
| 16:01 | Build | House |
| 16:24 | Queue | Villager (Male) |
| 17:15 | Research | Castle Age |
| 17:16 | Research | Castle Age |
| 17:16 | Research | Castle Age |
| 17:33 | Build | Stable |
| 17:59 | Build | Farm |
| 18:03 | Build | Farm |
| 18:14 | Queue | Scout Cavalry |
| 18:14 | Queue | Scout Cavalry |
| 18:15 | Queue | Scout Cavalry |
| 18:27 | Build | House |
| 18:37 | Build | Stable |
| 18:50 | Build | Watch Tower |
| 18:53 | Queue | Scout Cavalry |
| 18:59 | Build | House |
| 19:10 | Queue | Villager (Male) |
| 19:25 | Queue | Scout Cavalry |
| 19:43 | Queue | Villager (Male) |
| 19:55 | Age | Castle Age |
| 19:56 | Queue | Scout Cavalry |
| 20:01 | Research | Light Cavalry (upgrade) |
| 20:01 | Research | Light Cavalry (upgrade) |
| 20:01 | Research | Light Cavalry (upgrade) |
| 20:02 | Queue | Villager (Male) |
| 20:04 | Build | Monastery |
| 20:14 | Queue | Scout Cavalry |
| 20:14 | Queue | Scout Cavalry |
| 20:21 | Queue | Villager (Male) |
| 20:21 | Queue | Villager (Male) |
| 20:21 | Queue | Villager (Male) |
| 20:39 | Queue | Villager (Male) |
| 20:39 | Queue | Villager (Male) |
| 20:39 | Queue | Villager (Male) |
| 20:49 | Queue | Scout Cavalry |
| 20:49 | Queue | Scout Cavalry |
| 21:05 | Build | Palisade Wall |
| 21:28 | Research | Devotion |
| 21:28 | Research | Devotion |
| 21:28 | Research | Devotion |
| 21:28 | Queue | Villager (Male) |
| 21:31 | Queue | Villager (Male) |
| 21:31 | Queue | Villager (Male) |
| 21:54 | Build | House |
| 21:57 | Queue | Scout Cavalry |
Match timeline
| 4:41 | [VL] Lil Franco · first_building Barracks |
| 6:54 | [VL] Lil Franco · wall_segment Palisade Wall x2 |
| 7:19 | [VL] Lil Franco · wall_segment Palisade Wall x7 |
| 7:28 | [VL] Lil Franco · wall_segment Palisade Wall x7 |
| 7:29 | [VL] Lil Franco · wall_segment Palisade Wall x4 |
| 8:38 | [VL] Lil Franco · wall_segment Palisade Wall x6 |
| 9:22 | [VL] Lil Franco · wall_segment Palisade Wall x12 |
| 9:47 | [VL] Lil Franco · wall_segment Palisade Wall x6 |
| 10:05 | Barış Manço · age_up feudal |
| 10:32 | [VL] Lil Franco · wall_segment Palisade Wall x1 |
| 10:32 | [VL] Lil Franco · wall_segment Palisade Wall x1 |
| 10:54 | [VL] Lil Franco · wall_segment Palisade Wall x6 |
| 10:55 | [VL] Lil Franco · wall_segment Palisade Wall x12 |
| 11:28 | [VL] Lil Franco · age_up feudal |
| 11:30 | Barış Manço · first_market_sell 100 stone |
| 11:30 | Barış Manço · first_market_buy 100 food |
| 12:02 | [VL] Lil Franco · first_building Archery Range |
| 12:17 | Barış Manço · wall_segment Palisade Wall x1 |
| 14:16 | Barış Manço · age_up castle |
| 14:33 | Barış Manço · first_building Monastery |
| 15:20 | [VL] Lil Franco · first_market_sell 100 stone |
| 15:21 | [VL] Lil Franco · first_market_buy 100 food |
| 17:33 | [VL] Lil Franco · first_building Stable |
| 19:55 | [VL] Lil Franco · age_up castle |
| 20:04 | [VL] Lil Franco · first_building Monastery |
| 21:05 | [VL] Lil Franco · wall_segment Palisade Wall x1 |
| 21:32 | Barış Manço · first_building Barracks |
| 23:57 | [VL] Lil Franco · resign |
[ AI ANALYSIS · 1 CREDIT ]
What really happened in this match?
Wolo.gg analyzes every decision: build order, eco, micro, common mistakes by bracket. Personalized analysis on WhatsApp or Discord in 30 seconds.
Civ guide
Bengalis
Perfil
Jugador #26047244